 Dungeon Crawl Stone Soup version 0.21.1-1-g345015f (webtiles) character file.

160833 LairdRich the Warrior (level 17, -8/166 HPs)
             Began as a Minotaur Berserker on July 7, 2018.
             Was the Champion of Trog.
             Mangled by a merfolk
             ... wielding a +0 trident
              (13 damage)
             ... on level 4 of the Shoals on July 14, 2018.
             The game lasted 02:38:12 (40398 turns).

LairdRich the Warrior (Minotaur Berserker)         Turns: 40398, Time: 02:38:13

Health: -8/166     AC: 27    Str: 31    XL:     17   Next: 19%
Magic:  19/19      EV: 10    Int: 12    God:    Trog [******]
Gold:   2962       SH:  0    Dex: 17    Spells: 16/16 levels left

rFire    . . .     SeeInvis .   a - +4 broad axe of Trog's Reproof {chop, rElec rPois Str+3 Int+4}
rCold    + + .     Gourm    +   m - +2 shield {reflect}
rNeg     . . .     Faith    .   R - +1 plate armour {rC+}
rPois    +         Spirit   .   H - +2 hat
rElec    +         Reflect  +   o - +2 cloak
rCorr    .         Harm     .   g - +1 pair of gloves
MR       ++...                  (no boots)
Stlth    ..........             T - amulet of the gourmand
HPRegen  0.37/turn              z - ring "Ogifuj" {rElec MR+ Int+2 Stlth+}
MPRegen  0.16/turn              Q - ring of Coronation {rPois Str+3 Dex+3 Stlth+}

@: sleeping, afraid, barbed spikes, very slow
A: retaliatory headbutt, beak, horns 2, clever 1, cold resistance 1, evolution 1
a: Berserk, Trog's Hand, Brothers in Arms, Burn Spellbooks, Renounce Religion


You were on level 4 of the Shoals.
You worshipped Trog.
Trog was exalted by your worship.
You were completely stuffed.

You visited 4 branches of the dungeon, and saw 27 of its levels.
You also visited: Labyrinth and Ice Cave.

You collected 3157 gold pieces.
You spent 195 gold pieces at shops.

Inventory:

Hand Weapons
 a - the +4 broad axe of Trog's Reproof (weapon) {chop, rElec rPois Str+3 Int+4}
   (Trog gifted it to you on level 13 of the Dungeon)

   It inflicts extra damage upon your enemies.
   It affects your strength (+3).
   It affects your intelligence (+4).
   It insulates you from electricity.
   It protects you from poison.
 b - a +3 broad axe of flaming
 U - a +0 blowgun
Missiles
 i - 8 throwing nets (quivered)
 A - 81 poisoned needles
 I - 8 needles of confusion
 J - 13 needles of sleeping
Armour
 g - a +1 pair of gloves (worn)
 m - a +2 shield of reflection (worn)
 o - a +2 cloak (worn)
 q - a cursed -1 pair of gloves
 H - a +2 hat (worn)
 R - a +1 plate armour of cold resistance (worn)
Jewellery
 d - a +3 ring of protection
 z - the ring "Ogifuj" (left hand) {rElec MR+ Int+2 Stlth+}
   (You found it on level 14 of the Dungeon)

   [ring of stealth]

   It affects your intelligence (+2).
   It insulates you from electricity.
   It affects your resistance to hostile enchantments.
   It makes you more stealthy.
 M - an uncursed ring of ice
 O - an uncursed ring of protection from cold
 Q - the ring of Coronation (right hand) {rPois Str+3 Dex+3 Stlth+}
   (You acquired it on level 12 of the Dungeon)

   [ring of poison resistance]

   It affects your strength (+3).
   It affects your dexterity (+3).
   It protects you from poison.
   It makes you more stealthy.
 T - an amulet of the gourmand (around neck)
Wands
 p - a wand of iceblast (30)
 x - a wand of flame (76)
 y - a wand of scattershot (11)
 B - a wand of digging (45)
 D - a wand of enslavement (19)
 N - a wand of polymorph (17)
 P - a wand of acid (26)
 S - a wand of random effects (101)
 X - a wand of paralysis (14)
Scrolls
 f - 3 scrolls of fog
 h - a scroll of blinking
 j - 2 scrolls of magic mapping
 l - 14 scrolls of remove curse
 n - 6 scrolls of identify
 v - 2 scrolls of enchant weapon
 C - 6 scrolls of teleportation
 E - a scroll of silence
 L - a scroll of enchant armour
 V - 2 scrolls of fear
Potions
 k - 8 potions of curing
 r - 3 potions of haste
 s - 5 potions of lignification
 t - 4 potions of might
 u - 3 potions of flight
 w - 5 potions of agility
 K - 5 potions of brilliance
 W - a potion of cancellation
Books
 G - a book of Necromancy

   Spells                             Type                      Level
   a - Pain                           Necromancy                   1
   b - Animate Skeleton               Necromancy                   1
   c - Vampiric Draining              Necromancy                   3
   d - Regeneration                   Charms/Necromancy            3
   e - Animate Dead                   Necromancy                   4
   f - Borgnjor's Vile Clutch         Necromancy/Earth             5
   Trog disapproves of the use of such an item.
Comestibles
 c - 16 rations


   Skills:
 * Level 18.9 Fighting
 - Level 18.0 Axes
 - Level 6.3 Throwing
 + Level 16.6 Armour
 - Level 2.1 Dodging
 + Level 16.4 Shields
 + Level 4.8 Evocations


You had 16 spell levels left.
You didn't know any spells.

Dungeon Overview and Level Annotations

Branches:
Dungeon (15/15)            Temple (0/1) D:6            Lair (6/6) D:8
 Shoals (4/4) Lair:2       Spider (0/4) Lair:4        Slime (0/5) Lair:5
    Orc (2/2) D:10            Elf (0/3) Orc:2        Vaults (0/5) D:14
 Depths (0/5) D:15

Altars:
Cheibriados
Dithmenos
Kikubaaqudgha
Makhleb
Qazlal
Trog
Xom
Yredelemnul
Zin
The Shining One
Beogh

Shops:
Orc:2 (((!   Shoals:2 %   Shoals:3 :

Annotations:
D:4 exclusion: downstairs
D:7 exclusion: downstairs
D:9 2 transporters
Shoals:4 exclusion: Roxanne, Roxanne


Innate Abilities, Weirdness & Mutations

You reflexively headbutt those who attack you in melee.
You have a pair of horns on your head.
You have a beak for a mouth.
Your mind is acute. (Int +2)
Your flesh is cold resistant. (rC+)
You evolve.


Message History

* * * LOW HITPOINT WARNING * * *
The satyr shoots an arrow.
The arrow completely misses you.
You hear a splash.
The merfolk hits you with a trident!
* * * LOW HITPOINT WARNING * * *
You block the merfolk's attack.
The satyr shoots an arrow.
The arrow hits you but does no damage.
You hear a splash.
Things that are here:
an arrow; a manticore corpse Your unstable footing causes you to fumble your attack.
The barbed spikes dig painfully into your body as you move.
* * * LOW HITPOINT WARNING * * *
The merfolk hits you but does no damage.
The satyr plays a lulling melody on his pipes!
You easily resist.
You block the merfolk's attack.
The satyr plays a lulling melody on his pipes!
You fall asleep.
The merfolk hits you with a trident!
You die...

≈≈≈≈≈≈≈≈≈...≈8≈≈≈≈≈≈≈≈≈≈≈≈≈≈≈≈≈≈*
≈≈≈≈≈≈≈≈...?..≈≈≈≈≈≈≈≈≈≈≈≈≈≈≈≈≈≈*
≈≈≈≈≈≈≈≈≈.........≈≈≈≈≈≈≈≈≈≈≈≈≈≈*
≈≈≈≈≈≈≈≈≈≈≈≈.......≈≈≈≈≈≈≈≈≈≈≈≈≈*
≈≈,,≈≈≈≈≈≈≈≈≈$.....≈≈≈≈≈≈≈≈≈≈≈≈≈*
≈,,,≈≈≈≈≈≈≈≈≈≈.....≈≈≈≈≈≈≈≈≈≈≈≈≈*
,,≈≈≈≈≈≈≈≈≈≈≈≈≈.≈≈≈≈≈≈≈≈≈≈≈≈≈≈≈≈*
,≈≈≈≈≈≈≈≈%..≈≈≈m≈≈≈≈≈≈≈≈≈≈≈≈≈≈≈≈*
≈≈≈≈≈≈≈≈≈≈≈c≈≈c(@≈≈≈≈(≈≈≈≈≈≈≈≈≈≈*
≈≈,,≈≈≈≈≈≈≈≈≈≈≈(≈≈≈≈≈≈≈≈≈≈≈≈≈≈≈≈*
,,≈,≈≈≈,#.≈≈≈≈≈≈≈≈≈≈≈≈≈≈≈≈≈≈≈≈≈≈*
≈≈≈≈≈≈≈,#.≈≈≈≈≈≈≈≈≈≈≈≈≈≈≈≈≈≈≈≈≈≈*
≈≈≈≈≈≈≈,...≈≈≈≈≈≈≈≈≈≈≈≈≈≈≈≈≈≈≈≈≈*
≈≈≈≈≈≈≈≈...≈≈≈≈≈≈≈≈≈≈≈≈≈≈≈≈≈≈≈≈≈*
≈≈≈≈≈≈≈≈.≈≈≈≈≈≈≈≈≈≈≈≈≈≈≈≈≈≈≈≈≈≈≈*
≈≈≈≈≈≈≈≈≈≈≈≈≈≈≈≈≈≈≈≈≈≈≈≈≈≈≈≈≈≈≈≈*
≈≈≈≈≈≈≈≈≈≈≈≈≈≈≈≈≈≈≈≈≈≈≈≈≈≈≈≈≈≈≈≈*


You could see 2 satyrs and a merfolk.

Vanquished Creatures
  A kraken (Shoals:2)
  Polyphemus (Shoals:2)
  Gastronok (D:11)
  2 frost giants
  The ghost of dscm the Stickfighter, a journeyman FoFi of Okawaru (Shoals:2)
  Louise (Shoals:1)
  An orc warlord (Orc:1)
  Snorg (D:10)
  An ettin (D:13)
  Josephine (Shoals:1)
  A minotaur (Lab)
  3 merfolk javelineers
  Harold (D:12)
  The ghost of dengdeng the Spear-Bearer, a journeyman MiBe of Trog (D:15)
  4 merfolk impalers
  Fannar (D:12)
  Erolcha (D:9)
  5 vault guards (D:14)
  3 merfolk aquamancers
  3 ice dragons
  4 catoblepae
  2 hydras (Lair:6)
  4 centaur warriors
  Erica (D:11)
  5 death yaks
  A death knight (D:15)
  4 merfolk avatars
  2 tengu warriors
  A satyr (Shoals:2)
  2 ogre magi
  7 two-headed ogres
  Urug (D:11)
  2 orc high priests (Orc:1)
  Nergalle (D:12)
  5 skeletal warriors (D:13)
  2 unseen horrors (D:15)
  A deep elf archer (D:14)
  8 sea snakes
  3 wizards
  Pikel (D:9)
  A phantasmal warrior (D:15)
  A lindwurm (Lair:5)
  2 orc knights (Orc:1)
  13 ugly things
  8 fauns (Shoals:2)
  A deep elf mage (D:13)
  10 orc sorcerers
  2 cyclopes
  5 slime creatures (D:13)
  16 manticores
  Maurice (D:11)
  A black mamba (Lair:3)
  2 centaur zombies
  9 merfolk sirens
  3 elephants (Lair:5)
  Joseph (D:9)
  2 water nymphs
  Psyche (D:10)
  An ice statue (IceCv)
  A gargoyle (D:14)
  7 spiny frogs
  3 rime drakes
  3 centaur skeletons
  6 komodo dragons
  A kobold demonologist (D:15)
  5 freezing wraiths
  4 tengu conjurers
  6 harpy zombies (Shoals:3)
  18 merfolk
  5 trolls
  4 jumping spiders (Lair:4)
  9 dream sheep
  3 hornets
  A minotaur skeleton (Lab)
  23 polar bears
  9 hippogriffs
  9 blink frogs
  8 snapping turtles
  6 redbacks
  A shadow (D:12)
  A vampire (D:11)
  5 wraiths (Shoals:1)
  3 wyverns
  21 water elementals
  65 yaks
  A spriggan (D:9)
  2 humans (D:14)
  A steam dragon (D:10)
  5 basilisks
  4 hungry ghosts
  Menkaure (D:5)
  14 wargs
  A soldier ant (D:14)
  7 water moccasins
  An acid dragon (D:13)
  15 hell hounds (Lair:6)
  9 porcupines
  A meliai simulacrum (D:14)
  12 ice beasts
  13 black bears
  3 phantoms
  A sky beast (D:10)
  2 slaves (D:9)
  3 necrophages
  30 orc warriors
  16 ogres
  8 boggarts
  18 centaurs
  24 wolves
  9 crocodiles
  21 bullfrogs
  8 big kobolds
  A wyvern zombie (D:8)
  A gnoll sergeant (D:8)
  2 scorpions (D:9)
  A troll zombie (D:10)
  29 killer bees
  4 wights (D:13)
  7 howler monkeys
  8 electric eels
  8 crimson imps
  2 bullfrog zombies
  5 jellies
  3 hounds
  24 orc priests
  41 orc wizards
  3 bullfrog skeletons
  11 worker ants
  6 iguanas
  5 ogre zombies (D:10)
  A hound zombie (D:7)
  2 hound skeletons
  A worker ant zombie (D:10)
  14 gnolls
  18 adders
  A shadow imp (D:10)
  3 white imps (Lair:5)
  3 oozes
  2 adder zombies
  5 worms
  A dart slug (D:1)
  3 leopard geckos
  81 orcs
  4 giant cockroaches
  2 gnoll zombies (D:7)
  12 goblins
  5 hobgoblins
  16 jackals
  6 quokkas
  4 ball pythons
  4 bats
  6 frilled lizards
  2 goblin skeletons (D:10)
  4 goblin zombies (D:10)
  3 hobgoblin skeletons (D:10)
  2 hobgoblin zombies (D:10)
  24 kobolds
  An orc skeleton (D:10)
  7 orc zombies (D:10)
  A quokka skeleton (D:7)
  8 rats
  9 fungi
  13 plants
  4 tentacles (Shoals:2)
1061 creatures vanquished.

Vanquished Creatures (collateral kills)
  A black bear (D:12)
1 creature vanquished.

Vanquished Creatures (others)
  A centaur warrior (D:13)
  2 fauns
  A merfolk (Shoals:4)
  A vampire (D:13)
  An acid dragon (D:12)
  A water moccasin (Lair:5)
  A slave (D:9)
  An orc warrior (Orc:1)
  A black bear (D:9)
  A wight (D:13)
  A worker ant (D:14)
  2 orcs
  A kobold (D:14)
  A butterfly (Lair:6)
  22 plants
  21 tentacles (Shoals:2)
59 creatures vanquished.

Grand Total: 1121 creatures vanquished

Notes
Turn   | Place    | Note
-------+----------+-------------------------------------------
     0 | D:1      | LairdRich the Minotaur Berserker began the quest for the Orb.
     0 | D:1      | Reached XP level 1. HP: 19/19 MP: 0/0
   292 | D:1      | Reached XP level 2. HP: 26/27 MP: 1/1
  1168 | D:2      | Reached XP level 3. HP: 33/33 MP: 2/2
  1213 | D:2      | Reached ** piety under Trog
  1250 | D:2      | Reached skill level 1 in Shields
  1734 | D:2      | Reached XP level 4. HP: 26/40 MP: 3/3
  1912 | D:2      | Reached skill level 5 in Axes
  2379 | D:2      | Found a burning altar of Makhleb.
  2382 | D:2      | Found a glowing golden altar of the Shining One.
  2456 | D:2      | Reached XP level 5. HP: 47/47 MP: 4/4
  3047 | D:3      | Reached *** piety under Trog
  3427 | D:3      | Reached XP level 6. HP: 55/55 MP: 5/5
  4089 | D:4      | Reached skill level 5 in Fighting
  4770 | D:4      | Reached **** piety under Trog
  4802 | D:5      | Entered Level 5 of the Dungeon
  4810 | D:4      | Reached XP level 7. HP: 58/61 MP: 6/6
  5172 | D:5      | Noticed Menkaure
  5195 | D:5      | Killed Menkaure
  5195 | D:5      | Reached skill level 5 in Armour
  5450 | D:5      | Found a snail-covered altar of Cheibriados.
  5671 | D:5      | Found an ancient bone altar of Kikubaaqudgha.
  5672 | D:5      | Found a shimmering altar of Xom.
  5803 | D:5      | Reached XP level 8. HP: 66/70 MP: 7/7
  5841 | D:6      | Found a stormy altar of Qazlal.
  6166 | D:6      | Reached skill level 5 in Shields
  6444 | D:6      | Found a staircase to the Ecumenical Temple.
  6979 | D:6      | Received a gift from Trog
  7071 | D:7      | Found a bloodstained altar of Trog.
  7257 | D:7      | Found a basalt altar of Yredelemnul.
  7568 | D:7      | Reached XP level 9. HP: 77/79 MP: 6/8
  7603 | D:7      | Reached skill level 10 in Axes
  7614 | D:7      | Reached ***** piety under Trog
  7996 | D:8      | Found a staircase to the Lair.
  8356 | D:8      | Found a shadowy altar of Dithmenos.
  8445 | D:8      | Reached XP level 10. HP: 90/90 MP: 9/9
  8820 | D:9      | Found a transporter.
  8822 | D:9      | Noticed a flayed ghost
  8822 | D:9      | Noticed an orc knight
  8830 | D:9      | Noticed a purple ugly thing
  8832 | D:9      | Noticed a two-headed ogre
  8837 | D:9      | Found a transporter.
  8858 | D:9      | Noticed Pikel
  8864 | D:9      | Killed Pikel
  9023 | D:9      | Received a gift from Trog
  9029 | D:9      | Noticed Erolcha
  9043 | D:9      | Killed Erolcha
  9252 | D:9      | Noticed Joseph
  9273 | D:9      | Killed Joseph
  9431 | D:9      | Noticed a two-headed ogre
  9443 | D:9      | Killed a two-headed ogre
  9615 | D:10     | Entered Level 10 of the Dungeon
  9687 | D:10     | Reached XP level 11. HP: 86/99 MP: 3/10
  9758 | D:10     | Found a staircase to the Orcish Mines.
  9809 | D:10     | Reached skill level 10 in Fighting
 10344 | D:10     | Received a gift from Trog
 10840 | D:11     | Noticed Gastronok
 10951 | D:11     | Killed Gastronok
 10951 | D:11     | Reached skill level 10 in Armour
 11386 | D:11     | Noticed Psyche
 11406 | D:10     | Paralysed by Psyche for 6 turns
 11413 | D:10     | Killed Psyche
 11755 | D:11     | Noticed a green ugly thing
 11767 | D:11     | Killed a green ugly thing
 11767 | D:11     | Reached skill level 1 in Throwing
 12144 | D:11     | Noticed Maurice
 12149 | D:11     | Noticed Snorg
 12177 | D:10     | Killed Snorg
 12177 | D:10     | Reached skill level 10 in Shields
 12588 | D:11     | Noticed Erica
 12813 | D:11     | Killed Erica
 12960 | D:11     | Noticed a two-headed ogre
 12970 | D:11     | Killed a two-headed ogre
 12970 | D:11     | Reached XP level 12. HP: 110/110 MP: 11/11
 13029 | D:11     | Noticed Urug
 13063 | D:11     | Killed Urug
 13306 | D:11     | Killed Maurice
 13346 | D:11     | Noticed a two-headed ogre
 13361 | D:11     | Killed a two-headed ogre
 13888 | D:11     | Received a gift from Trog
 13916 | D:12     | Noticed Fannar
 13929 | D:12     | Killed Fannar
 13929 | D:12     | Reached skill level 15 in Axes
 13989 | D:12     | Noticed Nergalle
 14002 | D:12     | Killed Nergalle
 14144 | D:12     | Noticed an ogre mage
 14149 | D:12     | Noticed Harold
 14167 | D:11     | Killed an ogre mage
 14441 | D:12     | Killed Harold
 14805 | D:12     | Identified a scroll of acquirement
 14808 | D:12     | Got a faintly glowing amber ring
 14810 | D:12     | Identified the ring of Coronation {rPois Str+3 Dex+3 Stlth+} (You acquired it on level 12 of the Dungeon)
 15232 | D:12     | Got a vibrating diamond amulet
 15233 | D:12     | Identified the amulet "Ceny" {Harm *Drain Str+3 Dex+2 Stlth+} (You acquired it on level 12 of the Dungeon)
 15470 | Lair:1   | Entered Level 1 of the Lair of Beasts
 16148 | Lair:2   | Found a shadowy altar of Dithmenos.
 16381 | Lair:2   | Found a staircase to the Shoals.
 16609 | Lair:2   | Reached skill level 5 in Throwing
 16616 | Lair:2   | Reached XP level 13. HP: 117/117 MP: 12/12
 17554 | Lair:3   | Got a faintly glowing war axe
 17555 | Lair:3   | Identified the +8 war axe of Rekithre {flame, rPois Str+4 Dex-5 Stlth+} (You found it on level 3 of the Lair of Beasts)
 18117 | Lair:2   | Gained mutation: You evolve. [potion of mutation]
 18117 | Lair:2   | Gained mutation: Your flesh is cold resistant. (rC+) [potion of mutation]
 18843 | Lair:4   | Found a hole to the Spider Nest.
 19018 | Lair:4   | Received a gift from Trog
 20242 | Lair:5   | Found a staircase to the Slime Pits.
 20990 | Lair:6   | Entered Level 6 of the Lair of Beasts
 20999 | Lair:6   | Received a gift from Trog
 21249 | Lair:6   | Reached ****** piety under Trog
 21296 | Lair:6   | HP: 2/119 [dream sheep (5)]
 22891 | Lair:6   | Received a gift from Trog
 23274 | Lair:6   | Reached XP level 14. HP: 104/127 MP: 13/13
 23597 | Lair:6   | Gained mutation: Your mind is acute. (Int +2) [evolution]
 23711 | Lair:6   | Received a gift from Trog
 24103 | Orc:1    | Entered Level 1 of the Orcish Mines
 24119 | Orc:1    | Found a roughly hewn altar of Beogh.
 24228 | Orc:1    | Found a dark tunnel.
 24408 | Orc:1    | Found a roughly hewn altar of Beogh.
 24527 | Orc:1    | Noticed an orc warlord
 24547 | Orc:1    | Killed an orc warlord
 25028 | Orc:2    | Entered Level 2 of the Orcish Mines
 25035 | Orc:2    | Found a labyrinth entrance.
 25053 | Lab      | Entered a labyrinth
 25624 | Lab      | Got a translucent long sword {protect}
 25824 | Orc:2    | Received a gift from Trog
 25827 | Orc:2    | Found Culoovos's Weapon Shoppe.
 25827 | Orc:2    | Found Pobbaarcho's Weapon Boutique.
 25870 | Orc:2    | Paralysed by an orc sorcerer for 7 turns
 26360 | Orc:1    | Received a gift from Trog
 26654 | Orc:2    | Found a roughly hewn altar of Beogh.
 26658 | Orc:2    | Received a gift from Trog
 26803 | Orc:2    | Found Jythu's Antique Weapon Shoppe.
 26803 | Orc:2    | Found Caesaud's Distillery.
 26804 | Orc:2    | Found a staircase to the Elven Halls.
 27589 | D:13     | Noticed a frost giant
 27726 | D:13     | Killed a frost giant
 27727 | D:13     | Received a gift from Trog
 27733 | D:13     | Got a crude broad axe {god gift}
 27734 | D:13     | Identified the +4 broad axe of Trog's Reproof {chop, rElec rPois Str+3 Int+4} (Trog gifted it to you on level 13 of the Dungeon)
 27781 | D:13     | Found a glowing silver altar of Zin.
 27781 | D:13     | Found a bloodstained altar of Trog.
 28281 | D:13     | Reached XP level 15. HP: 139/139 MP: 14/14
 29224 | D:14     | Received a gift from Trog
 29224 | D:14     | Reached skill level 15 in Fighting
 30168 | D:14     | Got a smoking wooden ring
 30174 | D:14     | Identified the ring "Ogifuj" {rElec MR+ Int+2 Stlth+} (You found it on level 14 of the Dungeon)
 30796 | D:14     | Paralysed by an ogre mage for 3 turns
 30831 | D:14     | Found a gate to the Vaults.
 30932 | D:15     | Entered Level 15 of the Dungeon
 30952 | D:15     | Found a frozen archway.
 30966 | D:15     | Received a gift from Trog
 30971 | D:15     | Reached skill level 15 in Armour
 30972 | D:15     | Gained mutation: You have a beak for a mouth. [evolution]
 30985 | IceCv    | Entered an ice cave
 31564 | IceCv    | Reached skill level 15 in Shields
 31635 | IceCv    | Noticed a frost giant
 31644 | IceCv    | Killed a frost giant
 32499 | D:15     | Reached XP level 16. HP: 128/154 MP: 15/15
 32599 | D:15     | Found a staircase to the Depths.
 32886 | D:15     | Noticed dengdeng's ghost (journeyman MiBe)
 32897 | D:15     | Killed dengdeng's ghost
 33018 | D:15     | Received a gift from Trog
 33728 | Shoals:1 | Entered Level 1 of the Shoals
 34801 | Shoals:1 | Reached skill level 1 in Evocations
 35019 | Shoals:1 | Received a gift from Trog
 35126 | Shoals:1 | Noticed Josephine
 35126 | Shoals:1 | Noticed Louise
 35138 | Shoals:1 | Killed Louise
 35149 | Shoals:1 | Killed Josephine
 35668 | Shoals:2 | Found Osookuj's Food Boutique.
 36087 | Shoals:2 | Bought a ration for 65 gold pieces
 36087 | Shoals:2 | Bought a ration for 65 gold pieces
 36087 | Shoals:2 | Bought a ration for 65 gold pieces
 36092 | Shoals:2 | Noticed dscm's ghost (journeyman FoFi)
 36116 | Shoals:2 | Killed dscm's ghost
 36851 | Shoals:2 | Noticed Polyphemus
 36867 | Shoals:2 | Killed Polyphemus
 37565 | Shoals:2 | Noticed a kraken
 38106 | Shoals:2 | Killed a kraken
 38816 | Shoals:3 | Received a gift from Trog
 38998 | Shoals:3 | Reached XP level 17. HP: 153/166 MP: 19/19
 39693 | Shoals:3 | Found Hupn's Book Boutique.
 39838 | Shoals:4 | Entered Level 4 of the Shoals
 40378 | Shoals:4 | Noticed Roxanne
 40397 | Shoals:4 | HP: 4/166 [barbs]
 40398 | Shoals:4 | Mangled by a merfolk

Skill      XL: |  1  2  3  4  5  6  7  8  9 10 11 12 13 14 15 16 |
---------------+-------------------------------------------------+-----
Axes           | 4 5 6 8 9 11 13 14 15 17 18 | 18.0
Fighting       | 4 5 6 7 8 9 11 12 14 16 18 | 18.9
Armour         | 3 4 5 6 8 9 10 11 12 14 15 16 | 16.6
Shields        | 1 2 3 4 6 7 9 10 11 12 13 15 16 | 16.4
Throwing       | 2 5 6 |  6.3
Evocations     | 4 |  4.8
Dodging        | |  2.1

Action                   |  1- 3 |  4- 6 |  7- 9 | 10-12 | 13-15 | 16-18 || total
-------------------------+-------+-------+-------+-------+-------+-------++-------
Melee: Hand axe          |    93 |   197 |       |       |       |       ||   290
       Headbutt          |    14 |    40 |    56 |   149 |   332 |   184 ||   775
       Broad axe         |       |    27 |   294 |   342 |   596 |   570 ||  1829
       War axe           |       |       |       |   286 |   699 |       ||   985
       Peck              |       |       |       |       |    76 |   175 ||   251
 Fire: Blowgun           |       |       |       |     7 |       |    20 ||    27
Throw: Throwing net      |       |       |     2 |     1 |       |     1 ||     4
Invok: Burn Spellbooks   |     1 |       |     1 |       |     4 |     1 ||     7
       Berserk           |       |     1 |     2 |    11 |     7 |       ||    21
       Trog's Hand       |       |       |       |     1 |       |       ||     1
       Brothers in Arms  |       |       |       |     1 |       |       ||     1
Evoke: Wand              |       |       |       |       |     1 |     9 ||    10
  Use: Scroll            |       |     6 |     5 |    12 |    18 |     4 ||    45
       Potion            |       |       |       |     2 |    10 |     7 ||    19
 Stab: Sleeping          |       |       |       |       |     1 |       ||     1
       Paralysed         |       |       |       |       |       |     3 ||     3
  Eat: Chunk             |     3 |     7 |     7 |    16 |    20 |    22 ||    75
       Ration            |       |     1 |     3 |     7 |    13 |     2 ||    26
Armor: Animal skin       |    27 |    20 |       |       |       |       ||    47
       Chain mail        |       |    72 |   102 |   180 |       |       ||   354
       Plate armour      |       |       |       |    55 |   307 |   326 ||   688
       Ice dragon scales |       |       |       |       |   147 |       ||   147
Dodge: Dodged            |    30 |    26 |    44 |   116 |   228 |   156 ||   600
Block: Large shield      |    39 |   146 |   229 |   399 |       |       ||   813
       Shield            |       |       |       |    95 |   749 |   502 ||  1346
       Reflection        |       |       |       |     2 |    49 |    82 ||   133
